 Dungeon Crawl Stone Soup version 0.31-a0-667-g39726597b9 (webtiles) character file.

Game seed: 13181999589100061883

635 Descartes the Shield-Bearer (level 7, 0/56 HPs)
             Began as a Formicid Fighter on Sept 3, 2023.
             Killed from afar by Ijyb (15 damage)
             ... with a bolt of light
             ... on level 5 of the Dungeon.
             The game lasted 00:04:39 (3165 turns).

Descartes the Shield-Bearer (Formicid Fighter)      Turns: 3165, Time: 00:04:40

Health: 0/56       AC: 12    Str: 22    XL:     7   Next: 79%
Magic:  7/7        EV:  9    Int:  8    God:
Gold:   211        SH:  5    Dex: 13    Spells: 6/6 levels left

rFire   . . .        a - +0 war axe
rCold   . . .        c - +0 buckler
rNeg    . . .        b - +0 scale mail
rPois   .            (helmet unavailable)
rElec   .            (no cloak)
rCorr   .            s - +0 pair of gloves
SInv    +            (no boots)
Will    .....        (no amulet) Stlth
                     f - +4 ring of protection
HPRegen 0.29/turn    (no ring)
MPRegen 0.10/turn

%: no passive effects
@: no status effects
A: permanent stasis, dig shafts and tunnels, antennae 3, four strong arms
a: Dig, Shaft Self


You were on level 5 of the Dungeon.
You visited 1 branch of the dungeon, and saw 5 of its levels.

You collected 211 gold pieces.

Inventory:

Hand Weapons
 a - a +0 war axe (weapon)
Missiles
 j - 7 poisoned darts
 l - a boomerang
Armour
 b - a +0 scale mail (worn)
 c - a +0 buckler (worn)
 s - a +0 pair of gloves (worn)
Jewellery
 f - a +4 ring of protection (left hand)
Wands
 x - a wand of flame (24)
 y - a wand of paralysis (3)
Scrolls
 e - a scroll of immolation {unknown}
 g - a scroll of amnesia {unknown}
 h - 2 scrolls of teleportation {unknown}
 i - a scroll of torment {unknown}
 k - a scroll of blinking {unknown}
 m - 7 scrolls of identify {unknown}
 q - a scroll of enchant weapon {unknown}
 r - 2 scrolls of poison {unknown}
 u - a scroll of enchant armour {unknown}
Potions
 d - 3 potions of might
 n - a potion of resistance {unknown}
 o - a potion of curing {unknown}
 p - a potion of magic {unknown}
 t - a potion of invisibility {unknown}
 v - a potion of berserk rage {unknown}
 w - a potion of heal wounds {unknown}


   Skills:
 + Level 5.3 Fighting
 + Level 4.3 Axes
 + Level 5.4 Armour
 + Level 6.5 Shields


You had 6 spell levels left.
You didn't know any spells.
Your spell library was empty.

Dungeon Overview and Level Annotations

Branches:
Dungeon (5/15)
 Temple: D:4-7

Altars:
Makhleb

Shops:
D:1 =   D:3 [*=

Annotations:
D:5 Ijyb


Innate Abilities, Weirdness & Mutations

You cannot be hasted, slowed, berserked, paralysed or teleported.
You can dig through walls and to a lower floor.
You have a pair of large antennae on your head. (SInv)
Your four strong arms can wield two-handed weapons with a shield.


Message History

The goblin closely misses you. You block Ijyb's attack.
Unknown command.
You hit Ijyb.
Ijyb is moderately wounded.
You hit Robin. You miss the goblin. Robin hits you but does no damage.
The goblin hits you but does no damage.
Ijyb zaps a wand.
The bolt of light hits you!
Unknown command.
You barely miss Ijyb.
Ijyb is moderately wounded.
You hit Robin. You closely miss the goblin.
Robin roars a battlecry!
The goblins go into a battle-frenzy!
The goblin hits you but does no damage. Ijyb hits you with a +0 club.
You block Robin's attack.
You miss Ijyb.
Ijyb is moderately wounded.
You miss the goblin. You closely miss Robin. You block the goblin's attack.
Ijyb hits you with a +0 club. You block Robin's attack.
The goblin hits you but does no damage. Ijyb hits you but does no damage.
Unknown command.
You hit Ijyb.
Ijyb is moderately wounded.
You hit Robin. You barely miss the goblin. Robin closely misses you.
You block the goblin's attack. Ijyb hits you but does no damage.
Unknown command.
You hit Ijyb.
Ijyb is heavily wounded.
You hit Robin. You slash the goblin!
You kill the goblin!
Robin hits you but does no damage. Ijyb hits you with a +0 club.
Unknown command.
You barely miss Ijyb.
Ijyb is heavily wounded.
You slash Robin!
You kill Robin!
Ijyb zaps a wand.
The bolt of light hits you!
* * * LOW HITPOINT WARNING * * *
Ijyb zaps a wand.
The bolt of light hits you!
You die...

#........ #..................
#..........g..g....
.##########............g.gg..
...........#########.........
...........#.......#.......#.
...........'.......#.........
...........##.)#####.{.....#
#+##....######@###.##'##
#....# #.).g.'.....# #....#
#.....#.....# #....#
+.....#.....#
#....################
##..........# #..........+
#..........# #..........#


You could see Ijyb (strong).

Vanquished Creatures
  Grinder (D:4)
  Menkaure (D:4)
  A scorpion (D:4)
  A jelly (D:4)
  A hound (D:4)
  2 orc wizards
  Robin (D:5)
  7 adders
  An ufetubus (D:4)
  3 worms
  A dart slug (D:1)
  7 orcs
  2 bats
  8 endoplasms
  2 giant cockroaches
  9 goblins
  6 hobgoblins
  8 jackals (D:1)
  3 quokkas
  5 ball pythons
  4 kobolds
  6 rats
80 creatures vanquished.

Vanquished Creatures (others)
  A goblin (D:5)
1 creature vanquished.

Grand Total: 81 creatures vanquished

Notes
Turn   | Place    | Note
-------+----------+-------------------------------------------
     0 | D:1      | Descartes the Formicid Fighter began the quest for the Orb.
     0 | D:1      | Reached XP level 1. HP: 18/18 MP: 1/1
    87 | D:1      | Reached XP level 2. HP: 8/24 MP: 2/2
   329 | D:1      | Found Urryfomy's Jewellery Shoppe.
   382 | D:1      | Reached XP level 3. HP: 28/29 MP: 3/3
   986 | D:2      | Reached XP level 4. HP: 37/37 MP: 4/4
  1059 | D:2      | Reached skill level 5 in Shields
  1071 | D:2      | Reached XP level 5. HP: 32/42 MP: 5/5
  1421 | D:3      | Found Qokamn's Assorted Antiques.
  1489 | D:3      | Found Uvunum's Jewellery Boutique.
  1679 | D:3      | Found Licienur's Armour Shoppe.
  1861 | D:3      | Found a faded altar of an unknown god.
  2165 | D:4      | Found a burning altar of Makhleb.
  2203 | D:4      | Reached XP level 6. HP: 48/49 MP: 6/6
  2530 | D:4      | Noticed Menkaure
  2535 | D:4      | Killed Menkaure
  2536 | D:4      | Reached skill level 6 in Shields
  2536 | D:4      | Reached XP level 7. HP: 46/55 MP: 7/7
  2643 | D:4      | Noticed Grinder
  2660 | D:4      | Killed Grinder
  2661 | D:4      | Reached skill level 5 in Fighting
  2661 | D:4      | Reached skill level 5 in Armour
  3056 | D:5      | Entered Level 5 of the Dungeon
  3140 | D:5      | Noticed Ijyb
  3140 | D:5      | Noticed Robin
  3165 | D:5      | Killed Robin
  3165 | D:5      | Killed from afar by Ijyb

Illustrated notes

Levels and vault maps discovered:
D:1:      dpeg_chamrin_arrival_tetris, layout_loops_ring, serial_shops,
          nicolae_shop_hallway_stairs
D:2:      layout_rooms
D:3:      layout_basic, hellmonk_ecumenical_altar_crossroads, serial_shops,
          nicolae_shop_just_a_little_nook, nicolae_shop_gibbet_a_chance, shop,
          minmay_door_square
D:4:      layout_rooms, kennysheep_little_box, kennysheep_small_spiral,
          uniq_grinder, uniq_menkaure
D:5:      layout_gridville, minmay_temple_entry_tees, hangedman_decor_points,
          nicolae_goblin_pals

Skill      XL: |  1  2  3  4  5  6  7 |
---------------+----------------------+-----
Armour         | 4 5 |  5.4
Fighting       | 4 5 |  5.3
Shields        | 5 6 |  6.5
Axes           | 3 4 |  4.3

Action                     |  1- 3 |  4- 6 |  7- 9 || total
---------------------------+-------+-------+-------++-------
  Melee: War axe           |    73 |   136 |    38 ||   247
 Armour: Scale mail        |    56 |   135 |    42 ||   233
  Dodge: Dodged            |    37 |    83 |    15 ||   135
  Block: Buckler           |    12 |    45 |    15 ||    72

Table legend: (Time is in decaauts)
 A = Elapsed time spent in this place.
 B = Non-inter-level travel time spent in this place.
 C = Inter-level travel time spent in this place.
 D = Time resting spent in this place.
 E = Time spent auto-exploring this place.
 F = Levels seen in this place.
 G = Mean time per level.
                   A        B        C        D        E       F      G
               +--------+--------+--------+--------+--------+-----+--------+
         Total |   3256 |   3143 |    113 |      0 |   2510 |   5 |  651.2 |
       Dungeon |   3256 |   3143 |    113 |      0 |   2510 |   5 |  651.2 |
               +--------+--------+--------+--------+--------+-----+--------+

Top non-repeatable levels by time:
     D:4: 1066 daAuts
     D:1: 818 daAuts
     D:3: 744 daAuts
     D:2: 516 daAuts
     D:5: 111 daAuts
